 Dungeon Sprint DCSS version 0.20-a0-876-g2c7b0bf (webtiles) character file.

20898 Apogee the Tortoise (level 12, -14/130 HPs)
             Began as a Minotaur Fighter on Mar 15, 2017.
             Was the Champion of Lugonu.
             Hit by a large rock thrown by a stone giant (44 damage)
             ... in the Dungeon (Sprint IX: "|||||||||||||||||||||||||||||").
             The game lasted 00:10:19 (2977 turns).

Apogee the Tortoise (Minotaur Fighter)              Turns: 2977, Time: 00:10:20

Health: -14/130    AC: 25    Str: 36    XL:     12   Next: 49%
Magic:  23/23      EV:  9    Int:  3    God:    Lugonu [******]
Gold:   1806       SH:  0    Dex: 13    Spells: 11/11 levels left

rFire    . . .     SeeInvis +   p - +2 dire flail of Tension {speed, +Blink MR+ Str+4 Dex+3}
rCold    . . .     Gourm    .   E - +0 plate armour
rNeg     . . .     Faith    .   (shield currently unavailable)
rPois    .         Spirit   .   G - +0 hat {SInv}
rElec    .         Reflect  .   H - +1 cloak
rCorr    .         Harm     .   r - +0 pair of gloves
MR       ++...     Clarity  +   (no boots) Stlth ..........NoTele +
                                (no amulet)
Regen    0.4/turn               t - +3 ring of strength
MPRegen  0.2/turn               s - +2 ring of protection

@: mighty, very slightly contaminated
A: retaliatory headbutt, horns 2, clarity, clumsy 1, dopey 1, magic resistance 1
a: Bend Space, Banish, Corrupt, Brand Weapon With Distortion, Renounce Religion,
Evoke Blink


You were in the Dungeon.
You worshipped Lugonu.
Lugonu was exalted by your worship.
You were hungry.

You visited 1 branch You collected 1914 gold pieces.
You spent 108 gold pieces at shops.


Innate Abilities, Weirdness & Mutations

You reflexively headbutt those who attack you in melee.
You have a pair of horns on your head.
You possess an exceptional clarity of mind.
You are clumsy. (Dex -2)
You are dopey. (Int -2)
You are resistant to hostile enchantments. (MR+)


   Skills:
 - Level 19.4 Fighting
 - Level 16.6 Maces & Flails
 + Level 19.5 Armour
 - Level 3.6 Shields
 - Level 16.0 Invocations


You had 11 spell levels left.
You didn't know any spells.

Inventory:

Hand Weapons
 a - a +0 flail
 p - the +2 dire flail of Tension (weapon) {speed, +Blink MR+ Str+4 Dex+3} Attacks with this weapon are significantly faster. It affects your strength (+4). It affects your dexterity (+3). It affects your resistance to hostile enchantments. It lets you blink.
Missiles
 C - 4 curare-tipped needles {=f}
Armour
 b - a +0 scale mail
 c - a +0 shield
 q - a +0 cloak
 r - a +0 pair of gloves (worn)
 E - a +0 plate armour (worn)
 G - a +0 hat of see invisible (worn)
 H - a +1 cloak (worn)
Jewellery
 g - an uncursed ring of fire
 s - a +2 ring of protection (left hand)
 t - a +3 ring of strength (right hand)
 D - an uncursed ring of see invisible
 F - an uncursed ring of poison resistance
Wands
 l - a wand of flame (28/48)
Scrolls
 k - a scroll of blinking
 n - 5 scrolls of remove curse
 o - 2 scrolls of amnesia
 v - 5 scrolls of identify {@r1}
 x - a scroll of magic mapping
 y - a scroll of fear
 z - a scroll of recharging
 A - 2 scrolls of enchant armour
 K - 2 scrolls of enchant weapon
 L - a scroll of fog
Potions
 d - a potion of might
 e - 9 potions of curing {@q1}
 h - a potion of haste {@q3}
 i - 4 potions of magic
 u - a potion of berserk rage {!q}
 I - a potion of resistance
Miscellaneous
 w - a lamp of fire
Comestibles
 f - 13 bread rations
 j - 40 fruits
 B - 12 meat rations

Dungeon Overview and Level Annotations

Branches:
Dungeon (1/1)

Altars:
Cheibriados
Dithmenos
Elyvilon
Fedhas
Gozag
Hepliaklqana
Kikubaaqudgha
Makhleb
Nemelex Xobeh
Okawaru
Qazlal
Ru
Sif Muna
Trog
Uskayaw
Vehumet
Wu Jian
Xom
Yredelemnul
Zin
The Shining One
Beogh
Jiyva
Lugonu

Shops:
D

?(*=
....'÷÷÷......'.........'..÷.....
▓▓▓▓▓▓▓▓▓▓▓▓▓▓▓▓▓▓▓▓▓▓▓▓▓▓▓▓▓▓▓▓▓
.........................).......
▓▓▓▓▓▓▓▓▓▓▓▓▓▓▓▓▓▓▓▓▓▓▓▓▓▓▓▓▓▓▓▓▓
))))))..).'))()).......)).)).∩.∩.
▓▓▓▓▓▓▓▓▓▓▓▓▓▓▓▓▓▓▓▓▓▓▓▓▓▓▓▓▓▓▓▓▓
...........).....................
▓▓▓▓▓▓▓▓▓▓▓▓▓▓▓▓▓▓▓▓▓▓▓▓▓▓▓▓▓▓▓▓▓
)))))).[[[.[[.[(H.CC...((C(C))(((
▓▓▓▓▓▓▓▓▓▓▓▓▓▓▓▓▓▓▓▓▓▓▓▓▓▓▓▓▓▓▓▓▓


You could see a fire giant and a stone giant.


Message History

The stone giant is engulfed in blazing flames.
The stone giant is engulfed in blazing flames.
The stone giant is engulfed in blazing flames.
The stone giant is engulfed in blazing flames.
The stone giant hits you!!
* * * LOW HITPOINT WARNING * * *
You beat the stone giant like a drum!!!
The stone giant is almost dead.
The stone giant hits you!
* * * LOW HITPOINT WARNING * * *
Blink to where?
As you read the scroll of blinking, it crumbles to dust.
Really quaff
J - a potion of mutation {!q}?
You feel extremely strange.
You feel stupid.
You feel resistant to hostile enchantments.
You feel clumsy.
Your thoughts seem clearer.
You feel very mighty all of a sudden.
You spit the stone giant like a pig!!!
You kill the stone giant!
Lugonu accepts your kill.
Your lamp of fire has recharged.
Your Armour skill increases to level 19!
The stone giant throws a large rock.
The large rock hits you!!!
* * * LOW HITPOINT WARNING * * *
The stone giant throws a large rock.
The large rock hits you!!!
You die...

Action                   |  1- 3 |  4- 6 |  7- 9 | 10-12 || total
-------------------------+-------+-------+-------+-------++-------
Melee: Flail             |    32 |       |       |       ||    32
       Headbutt          |     4 |     2 |    19 |    74 ||    99
       Dire flail        |     4 |    11 |    65 |   234 ||   314
Evoke: Lamp of fire      |       |       |       |     5 ||     5
       Wand              |       |       |       |     1 ||     1
  Use: Potion            |     2 |       |       |    11 ||    13
       Scroll            |       |       |       |     2 ||     2
 Stab: Invisible         |       |       |       |     6 ||     6
  Eat: Chunk             |       |       |       |     6 ||     6
Armor: Scale mail        |    13 |     1 |    13 |    16 ||    43
       Plate armour      |       |       |       |    32 ||    32
Dodge: Dodged            |     8 |     1 |    26 |    53 ||    88

Vault maps used:
D:        linesprint

Notes
Turn   | Place    | Note
-------+----------+-------------------------------------------
     0 | D        | Apogee the Minotaur Fighter began the quest for the Orb.
     0 | D        | Reached XP level 1. HP: 19/19 MP: 0/0
     9 | D        | Reached skill level 3 in Maces & Flails
    12 | D        | Reached skill level 4 in Maces & Flails
    25 | D        | Noticed a worker ant
    25 | D        | Noticed a crimson imp
    37 | D        | Killed a worker ant
    37 | D        | Reached skill level 7 in Maces & Flails
    37 | D        | Reached XP level 2. HP: 23/26 MP: 1/1
    37 | D        | Reached XP level 3. HP: 28/31 MP: 2/2
    71 | D        | Reached skill level 9 in Maces & Flails
    85 | D        | Found a roughly hewn altar of Beogh.
    85 | D        | Found a snail-covered altar of Cheibriados.
    85 | D        | Found a shadowy altar of Dithmenos.
    85 | D        | Found a white marble altar of Elyvilon.
    85 | D        | Found a blossoming altar of Fedhas.
    85 | D        | Found an opulent altar of Gozag.
    86 | D        | Found a hazy altar of Hepliaklqana.
    87 | D        | Found a viscous altar of Jiyva.
    88 | D        | Found an ancient bone altar of Kikubaaqudgha.
    89 | D        | Found a corrupted altar of Lugonu.
    90 | D        | Found a burning altar of Makhleb.
    91 | D        | Found a sparkling altar of Nemelex Xobeh.
    92 | D        | Found an iron altar of Okawaru.
    93 | D        | Found a stormy altar of Qazlal.
    94 | D        | Found a sacrificial altar of Ru.
    95 | D        | Found a deep blue altar of Sif Muna.
    96 | D        | Found a bloodstained altar of Trog.
    97 | D        | Became a worshipper of Lugonu the Unformed
    97 | D        | Reached * piety under Lugonu
    98 | D        | Found a hide-covered altar of Uskayaw.
    99 | D        | Found a radiant altar of Vehumet.
   100 | D        | Found an ornate altar of the Wu Jian Council.
   101 | D        | Found a shimmering altar of Xom.
   102 | D        | Found a basalt altar of Yredelemnul.
   103 | D        | Found a glowing silver altar of Zin.
   104 | D        | Found a glowing golden altar of the Shining One.
   120 | D        | Got the +2 dire flail of Tension {speed, +Blink MR+ Str+4 Dex+3}
   143 | D        | Noticed an ice beast
   143 | D        | Noticed a wyvern
   143 | D        | Noticed a sky beast
   143 | D        | Noticed a hippogriff
   148 | D        | Killed an ice beast
   148 | D        | Reached skill level 7 in Fighting
   148 | D        | Reached skill level 11 in Maces & Flails
   148 | D        | Reached XP level 4. HP: 37/47 MP: 3/3
   148 | D        | Reached XP level 5. HP: 41/52 MP: 4/4
   153 | D        | Reached ** piety under Lugonu
   156 | D        | Killed a wyvern
   156 | D        | Reached skill level 9 in Fighting
   156 | D        | Reached skill level 12 in Maces & Flails
   156 | D        | Reached XP level 6. HP: 43/66 MP: 5/5
   159 | D        | Killed a sky beast
   159 | D        | Reached skill level 10 in Fighting
   159 | D        | Reached skill level 13 in Maces & Flails
   162 | D        | Killed a hippogriff
   162 | D        | Reached skill level 11 in Fighting
   162 | D        | Reached skill level 14 in Maces & Flails
   162 | D        | Reached XP level 7. HP: 45/75 MP: 6/6
   359 | D        | Noticed a meliai
   367 | D        | Killed an unseen horror
   367 | D        | Reached *** piety under Lugonu
   367 | D        | Reached skill level 13 in Fighting
   367 | D        | Reached skill level 15 in Maces & Flails
   367 | D        | Reached XP level 8. HP: 48/86 MP: 7/7
   371 | D        | Killed a meliai
   371 | D        | Reached skill level 14 in Fighting
   371 | D        | Reached skill level 16 in Maces & Flails
   379 | D        | Reached **** piety under Lugonu
   642 | D        | Noticed Eustachio
   655 | D        | Killed Eustachio
   719 | D        | Noticed a black mamba
   721 | D        | Reached skill level 1 in Invocations
   722 | D        | Reached skill level 15 in Fighting
   722 | D        | Reached skill level 2 in Invocations
   723 | D        | Noticed a seven-headed hydra
   725 | D        | Reached skill level 3 in Invocations
   726 | D        | Noticed a black mamba
   727 | D        | Reached ***** piety under Lugonu
   727 | D        | Reached XP level 9. HP: 97/97 MP: 7/10
   729 | D        | Reached skill level 4 in Invocations
   730 | D        | Killed a black mamba
   730 | D        | Reached skill level 16 in Fighting
   730 | D        | Reached skill level 5 in Invocations
   734 | D        | Killed a seven-headed hydra
   734 | D        | Reached skill level 7 in Invocations
   742 | D        | Killed a black mamba
   742 | D        | Reached skill level 17 in Fighting
   742 | D        | Reached skill level 8 in Invocations
   965 | D        | Reached skill level 9 in Invocations
   970 | D        | Noticed a spiny frog
   971 | D        | Reached ****** piety under Lugonu
   971 | D        | Reached XP level 10. HP: 105/111 MP: 14/16
  1004 | D        | Killed a spiny frog
  1004 | D        | Reached skill level 18 in Fighting
  1004 | D        | Reached skill level 10 in Invocations
  1132 | D        | Noticed a spiny frog
  1132 | D        | Noticed a spiny frog
  1134 | D        | Noticed a spiny frog
  1142 | D        | Killed a spiny frog
  1142 | D        | Reached skill level 11 in Invocations
  1144 | D        | Killed a spiny frog
  1153 | D        | Reached skill level 19 in Fighting
  1162 | D        | Killed a spiny frog
  1169 | D        | Reached skill level 12 in Invocations
  1541 | D        | Noticed Sonja
  1543 | D        | Killed Sonja
  1543 | D        | Reached skill level 5 in Armour
  1721 | D        | Reached skill level 6 in Armour
  1817 | D        | Noticed an orc knight
  1817 | D        | Noticed an orc sorcerer
  1818 | D        | Noticed an orc knight
  1824 | D        | Reached skill level 7 in Armour
  1825 | D        | Noticed an orc high priest
  1833 | D        | Killed an orc knight
  1833 | D        | Reached skill level 8 in Armour
  1833 | D        | Reached skill level 13 in Invocations
  1833 | D        | Reached XP level 11. HP: 75/123 MP: 19/19
  1838 | D        | HP: 10/123 [orc sorcerer/bolt of fire (28)]
  1843 | D        | Killed an orc sorcerer
  1854 | D        | Killed an orc knight
  1854 | D        | Reached skill level 9 in Armour
  1871 | D        | Killed an orc high priest
  1871 | D        | Reached skill level 10 in Armour
  1871 | D        | Reached skill level 14 in Invocations
  2184 | D        | Found Fehontay's Magic Scroll Emporium.
  2184 | D        | Noticed an orc knight
  2184 | D        | Noticed an orc knight
  2191 | D        | Reached skill level 11 in Armour
  2193 | D        | Noticed an orc knight
  2196 | D        | Killed an orc knight
  2197 | D        | Killed an orc knight
  2199 | D        | Noticed an orc knight
  2222 | D        | Killed an orc knight
  2222 | D        | Reached skill level 12 in Armour
  2222 | D        | Reached skill level 15 in Invocations
  2413 | D        | Killed an orc knight
  2568 | D        | Found Nastutoc's Weapon Shoppe.
  2574 | D        | Found Bov Farghydgh's Assorted Antiques.
  2578 | D        | Found Zouz's Jewellery Shoppe.
  2580 | D        | Noticed an orc knight
  2581 | D        | Noticed an orc knight
  2582 | D        | Noticed an orc knight
  2592 | D        | Killed an orc knight
  2594 | D        | Killed an orc knight
  2594 | D        | Reached skill level 13 in Armour
  2596 | D        | Killed an orc knight
  2724 | D        | Bought a potion of might for 108 gold pieces
  2777 | D        | Noticed Erolcha
  2785 | D        | Killed Erolcha
  2785 | D        | Reached skill level 14 in Armour
  2785 | D        | Reached skill level 16 in Invocations
  2888 | D        | Noticed an orc knight
  2888 | D        | Noticed a skeletal warrior
  2897 | D        | Noticed a stone giant
  2898 | D        | Noticed a fire dragon
  2905 | D        | Noticed a stone giant
  2912 | D        | Killed an orc knight
  2912 | D        | Reached skill level 15 in Armour
  2912 | D        | Reached XP level 12. HP: 122/130 MP: 23/23
  2918 | D        | Noticed a stone giant
  2921 | D        | Noticed a stone giant
  2927 | D        | Killed a stone giant
  2927 | D        | Reached skill level 16 in Armour
  2928 | D        | Noticed a vampire knight
  2935 | D        | Reached skill level 17 in Armour
  2937 | D        | Noticed a fire giant
  2947 | D        | Killed a fire dragon
  2952 | D        | Killed a stone giant
  2952 | D        | Reached skill level 18 in Armour
  2953 | D        | HP: 5/130 [vampire knight/dire flail (13)]
  2959 | D        | Killed a vampire knight
  2968 | D        | HP: 1/130 [stone giant (16)]
  2973 | D        | Gained mutation: You are dopey. (Int -2) [potion of mutation]
  2973 | D        | Gained mutation: You are resistant to hostile enchantments. (MR+) [potion of mutation]
  2973 | D        | Gained mutation: You are clumsy. (Dex -2) [potion of mutation]
  2973 | D        | Gained mutation: You possess an exceptional clarity of mind. [potion of mutation]
  2976 | D        | Killed a stone giant
  2976 | D        | Reached skill level 19 in Armour
  2977 | D        | Hit by a large rock thrown by a stone giant

Vanquished Creatures
  3 stone giants (D)
  A vampire knight (D)
  A fire dragon (D)
  Erolcha (D)
  A hydra (D)
  An orc high priest (D)
  Sonja (D)
  An unseen horror (D)
  A skeletal warrior (D)
  10 orc knights (D)
  An orc sorcerer (D)
  A cyclops (D)
  A salamander (shapeshifter) (D)
  2 black mambas (D)
  4 spiny frogs (D)
  A kobold demonologist (D)
  A meliai (D)
  3 tyrant leeches (D)
  2 blink frogs (D)
  2 hippogriffs (D)
  Eustachio (D)
  2 wyverns (D)
  A basilisk (D)
  A vampire mosquito (D)
  3 water moccasins (D)
  3 porcupines (D)
  An ice beast (D)
  17 orc warriors (D)
  A sky beast (D)
  A centaur (D)
  4 crocodiles (D)
  4 bullfrogs (D)
  A scorpion (D)
  A crimson imp (D)
  2 orc priests (D)
  4 orc wizards (D)
  A worker ant (D)
  A leopard gecko (D)
  5 orcs (D)
  A bat skeleton (D)
  A goblin (D)
  A quokka (D)
  A ball python skeleton (D)
  A bat (D)
  A kobold (D)
  A quokka skeleton (D)
  2 rats (D)
102 creatures vanquished.
